 Dungeon Crawl Stone Soup version 0.21-a0-504-g2eda330 (webtiles) character file.

30 sagitran the Sneak (level 3, -1/24 HPs)
             Began as an Octopode Assassin on Nov 25, 2017.
             Killed by nerve-wracking pain
             ... invoked by a shadow imp
             ... summoned by Natasha
              (11 damage)
             ... on level 2 of the Dungeon.
             The game lasted 00:03:26 (839 turns).

sagitran the Sneak (Octopode Assassin)               Turns: 839, Time: 00:03:27

Health: -1/24      AC:  1    Str: 10    XL:     3   Next: 20%
Magic:  3/3        EV: 15    Int: 13    God:
Gold:   100        SH:  0    Dex: 14    Spells: 2/2 levels left

rFire    . . .     SeeInvis .   a - +2 dagger
rCold    . . .     Gourm    .   (no shield)
rNeg     . . .     Faith    .   (helmet restricted)
rPois    .         Spirit   .   (no amulet)
rElec    .         Reflect  .   p - +2 ring of evasion
rCorr    .         Harm     .   (no ring)
MR       .....                  (no ring)
Stlth    ++++......             (no ring)
HPRegen  0.08/turn              (no ring)
MPRegen  0.08/turn              (no ring)
                                (no ring)
                                (no ring)

@: slowed, very slow
A: almost no armour, stealthy swim, amphibious, 8 rings, constrict 8, camouflage
1, gelatinous body 1
a: no special abilities


You were on level 2 of the Dungeon.
You were not hungry.

You visited 1 branch of the dungeon, and saw 2 of its levels.

You collected 100 gold pieces.

Inventory:

Hand Weapons
 a - a +2 dagger (weapon)
 b - a +0 blowgun
 k - a +0 club
Missiles
 c - 8 poisoned needles
 d - 2 curare-tipped needles
Armour
 e - a +0 shield
Jewellery
 p - a +2 ring of evasion (left tentacle)
Scrolls
 g - a scroll of enchant weapon {unknown}
 j - a scroll of enchant armour {unknown}
Potions
 m - a potion of invisibility {unknown}
 o - a potion of agility {unknown}
 q - a potion of berserk rage {unknown}
Comestibles
 f - a bread ration
 i - a meat ration
 l - 6 chunks of flesh
 n - 2 fruits


   Skills:
 + Level 2.0 Fighting
 + Level 2.4 Short Blades
 + Level 2.1 Throwing
 + Level 1.0 Dodging
 + Level 6.3 Stealth


You had 2 spell levels left.
You didn't know any spells.

Dungeon Overview and Level Annotations

Branches:
Dungeon (2/15)

Altars:

Annotations:
D:2 Natasha


Innate Abilities, Weirdness & Mutations

You cannot wear most types of armour.
You are very stealthy in the water. (Stealth+)
You are amphibious.
You can wear up to eight rings at the same time.
You can use your tentacles to constrict eight enemies at once.
Your skin changes colour to match your surroundings (Stealth+).
Your rubbery body absorbs attacks. (AC +1, EV +1)


Message History

You feel yourself slow down.
You hit Natasha.
Natasha is moderately wounded.
You constrict Natasha. Natasha misses you. Natasha claws you.
The shadow imp hits you.
You hit Natasha.
Natasha is heavily wounded.
You constrict Natasha. Natasha barely misses you.
The shadow imp barely misses you. The frilled lizard bites you.
You hit Natasha but do no damage.
Natasha is heavily wounded.
You constrict Natasha.
Natasha casts a spell.
The shadow imp misses you. The frilled lizard misses you.
It was a potion of curing.
You feel better.
You constrict Natasha. Natasha claws you. The shadow imp completely misses you.
The frilled lizard barely misses you. Natasha barely misses you.
The shadow imp gestures at you. Pain shoots through your body!
You die...

...........######## .......
###....###.........#.......
.......# #########..[......
#......############........
.................##........
#.##.....#######.#......!..
...........................
.###..........#5.l.##...... ##
#####..>##..h@..# #....#
######..###..5..# ###.#
##.................. . ###..#
#..###.....#### ....#
#..###>....# ###.###
#......##.############
......###..........##...##...##
.......##......#..............##
........#......###.............##


You could see Natasha, 2 shadow imps and a frilled lizard.

Vanquished Creatures
  A worm (D:2)
  A dart slug (D:1)
  A leopard gecko (D:1)
  2 bats
  4 giant cockroaches
  3 goblins
  2 hobgoblins (D:1)
  A jackal (D:1)
  2 kobolds
  2 frilled lizards (D:1)
  4 rats
23 creatures vanquished.

Notes
Turn   | Place    | Note
-------+----------+-------------------------------------------
     0 | D:1      | sagitran the Octopode Assassin began the quest for the Orb.
     0 | D:1      | Reached XP level 1. HP: 14/14 MP: 1/1
    94 | D:1      | Reached XP level 2. HP: 17/19 MP: 2/2
   311 | D:1      | Reached skill level 6 in Stealth
   542 | D:2      | Noticed Natasha
   717 | D:2      | Reached XP level 3. HP: 24/24 MP: 3/3
   839 | D:2      | Killed from afar by a shadow imp

Vault maps used:
D:1:      ncdulo_lavacross
D:2:      lemuel_coloured_pillars_altar, minmay_goblin_outpost, uniq_natasha

Skill      XL: |  1  2 |
---------------+-------+-----
Stealth        | 6 |  6.3
Fighting       | |  2.0
Short Blades   | |  2.4
Throwing       | |  2.1
Dodging        | |  1.0

Action                   || total
-------------------------++-------
Melee: Dagger            ||    35
       Constrict         ||     9
       Tentacles         ||     3
 Fire: Blowgun           ||     4
  Use: Scroll            ||     1
       Potion            ||     1
 Stab: Sleeping          ||    13
Armor: Skin              ||     2
Dodge: Dodged            ||    25

Table legend:
 A = Spawn XP
 B = Non-spawn XP
 C = Spawn XP percentage of total XP
 D = Spawn monster count
 E = Non-spawn monster count
 F = Spawn count percentage of total count
 G = Total turns spent on level
                    A         B        C        D         E        F      G
               +---------+---------+-------+---------+---------+-------+---------
         Total |       0 |      44 |   0.0 |       0 |      23 |   0.0 |   839
               +---------+---------+-------+---------+---------+-------+---------
           D:1 |       0 |      30 |   0.0 |       0 |      16 |   0.0 |   648
           D:2 |       0 |      14 |   0.0 |       0 |       7 |   0.0 |   191
               +---------+---------+-------+---------+---------+-------+---------
